 Dungeon Crawl Stone Soup version 0.31.0-9-g3a7656b989 (webtiles) character file.

Game seed: 7351617032944367227

1409 qw the Skirmisher (level 8, -8/40 HPs)
             Began as a Spriggan Hunter on Feb 2, 2024.
             Killed from afar by an electric eel (16 damage)
             ... with a bolt of electricity
             ... on level 6 of the Dungeon.
             The game lasted 00:00:20 (4289 turns).

qw the Skirmisher (Spriggan Hunter)                 Turns: 4289, Time: 00:00:21

Health: -8/40      AC:  4    Str:  7    XL:     8   Next: 42%
Magic:  9/9        EV: 24    Int: 10    God:
Gold:   325        SH:  0    Dex: 21    Spells: 7/7 levels left

rFire   . . .        a - +1 shortbow
rCold   . . .        (shield currently unavailable)
rNeg    . . .        c - +0 robe
rPois   .            (helmet restricted)
rElec   .            b - +1 cloak
rCorr   +            (gloves unavailable)
SInv    +            (boots unavailable)
Will    +....        (no amulet)
Stlth   ++           h - ring of resist corrosion
HPRegen 0.26/turn    (no ring)
MPRegen 0.11/turn

%: no passive effects
@: very quick
A: very small, no large weapons, unfitting armour, see invisible, speed 3
a: no special abilities


You were on level 6 of the Dungeon.
You visited 1 branch of the dungeon, and saw 6 of its levels.

You collected 325 gold pieces.


Innate Abilities, Weirdness & Mutations

You are very small and have problems with some larger weapons.
You are too small for most types of armour.
You have supernaturally acute eyesight. (SInv)
You cover ground extremely quickly. (Speed+++)


   Skills:
 - Level 3.1 Fighting
 - Level 9.0 Ranged Weapons
 + Level 8.2 Dodging
 - Level 1.5 Stealth


You had 7 spell levels left.
You didn't know any spells.
Your spell library was empty.

Inventory:

Hand Weapons
 a - a +1 shortbow (weapon)
Armour
 b - a +1 cloak (worn)
 c - a +0 robe (worn)
Jewellery
 f - a ring of ice
 h - a ring of resist corrosion (left hand)
Wands
 i - a wand of acid (1)
Scrolls
 m - a scroll of identify
Potions
 d - 2 potions of curing
 e - a potion of might
 g - a potion of degeneration {unknown}
 j - a potion of attraction {unknown}
 k - a potion of lignification {unknown}
 l - a potion of heal wounds {unknown}

Dungeon Overview and Level Annotations

Branches:
Dungeon (6/15)
 Temple: D:4-7

Altars:
Fedhas

Shops:
D:2 =

Annotations:
D:5 1 runed translucent door, qw's ghost, amateur SpHu
D:6 Prince Ribbit


Message History

Prince Ribbit barely misses you.
You shoot an arrow. The arrow barely misses Prince Ribbit.
Prince Ribbit barely misses you.
You shoot an arrow. The arrow hits Prince Ribbit.
Prince Ribbit is moderately wounded.
Prince Ribbit misses you. Prince Ribbit closely misses you.
You shoot an arrow. The arrow hits Prince Ribbit.
Prince Ribbit is heavily wounded.
Prince Ribbit barely misses you.
You shoot an arrow. The arrow misses Prince Ribbit.
Prince Ribbit completely misses you.
Prince Ribbit blinks!
4276 ||| FLEEEEING.
4277 ||| FLEEEEING.
4278 ||| FLEEEEING.
4279 ||| FLEEEEING.
4280 ||| FLEEEEING.
Prince Ribbit blinks!
Enter note:
Enter note:
Enter note: You start resting.
Prince Ribbit is nearby!
4282 ||| FLEEEEING.
4283 ||| FLEEEEING.
An electric eel comes into view.
4284 ||| FLEEEEING.
4285 ||| FLEEEEING.
4286 ||| FLEEEEING.
You shoot an arrow. The arrow misses the electric eel.
The electric eel shoots out a bolt of lightning at you!
The bolt of electricity misses you.
You shoot an arrow.
The arrow closely misses the electric eel.
The electric eel shoots out a bolt of lightning at you!
The bolt of electricity hits you!
You shoot an arrow.
The arrow closely misses the electric eel.
The electric eel shoots out a bolt of lightning at you!
The bolt of electricity hits you!
You die...

#...........# ##........#
##............# #........##
##.............# ##........##
#..............######.........#
#....#..............F....7.7..#
...####.......................#
..## #....7.7.7.7.7.7.7.7.7..#
.## #.......................#
..## .........@........7....#
...## ......................#
....## ..8~~~~~~~~~8...7....#
F....# ..~~~~~S~~~~~......#.#
...### ..~~~~~~~~~~~...7..#.#
.########..~~~~~~~~~~~........#
...........~~~~8~8~~~~...7....#
...........~~~~~}~~~~~........##
#.....### ~...7.....##


You could see Prince Ribbit and an electric eel.

Vanquished Creatures
  Sigmund (D:2)
  A water moccasin (D:5)
  An ice beast (D:4)
  4 scorpions
  4 wights (D:6)
  A howler monkey (D:4)
  4 hounds
  3 orc priests (D:5)
  An iguana (D:5)
  Natasha (twice) (D:2)
  2 sleepcaps (D:6)
  An orc wizard (D:5)
  5 adders
  4 gnolls (D:6)
  2 ufetubi (D:5)
  2 ribbon worms (D:2)
  5 dart slugs
  8 orcs
  6 ball pythons
  2 bats
  7 endoplasms
  5 giant cockroaches
  10 goblins
  9 hobgoblins
  4 jackals (D:1)
  5 quokkas
  2 frilled lizards
  10 kobolds
  7 rats
118 creatures vanquished.

Notes
Turn   | Place    | Note
-------+----------+-------------------------------------------
     0 | D:1      | qw the Spriggan Hunter began the quest for the Orb.
     0 | D:1      | Reached XP level 1. HP: 10/10 MP: 2/2
     0 | D:1      | 0 ||| qw: Version: 0.3-a-155-g5e7d8dd
     0 | D:1      | 0 ||| qw: Game counter: 1114
     0 | D:1      | 0 ||| qw: Melee chars always use a shield: true
     0 | D:1      | 0 ||| qw: God list: Okawaru
     0 | D:1      | 0 ||| qw: Allow faded altars: false
     0 | D:1      | 0 ||| qw: Do Orc after clearing Dungeon:15 true
     0 | D:1      | 0 ||| qw: Do second Lair branch before Depths: true
     0 | D:1      | 0 ||| qw: Lair rune preference: random
     0 | D:1      | 0 ||| qw: Goals: Normal
     0 | D:1      | 0 ||| PLANNING D:1-11
    25 | D:1      | Reached skill level 3 in Dodging
    64 | D:1      | Reached XP level 2. HP: 14/14 MP: 3/3
   371 | D:1      | Reached XP level 3. HP: 16/18 MP: 4/4
   580 | D:1      | 580 ||| READING scroll labelled VUOCIE PYMIASMO.
   583 | D:1      | 583 ||| DROPPING scroll of butterflies.
   605 | D:2      | Noticed Sigmund
   610 | D:2      | 610 ||| STAIRDANCE
   663 | D:2      | Killed Sigmund
   664 | D:2      | Reached skill level 6 in Ranged Weapons
   664 | D:2      | Reached XP level 4. HP: 22/22 MP: 5/5
   664 | D:2      | Reached XP level 5. HP: 25/25 MP: 6/6
   942 | D:2      | Found Qiuqoig's Jewellery Emporium.
   950 | D:2      | 950 ||| SHOPLISTING +4 ring of protection (468 gold, have
                  | 106).
   950 | D:2      | 950 ||| SHOPLISTING amulet of regeneration (390 gold, have
                  | 106).
   950 | D:2      | 950 ||| SHOPLISTING amulet of the acrobat (390 gold, have
                  | 106).
   950 | D:2      | 950 ||| SHOPLISTING ring of positive energy (260 gold, have
                  | 106).
   950 | D:2      | 950 ||| SHOPLISTING ring of protection from fire (325 gold,
                  | have 106).
   995 | D:2      | Noticed Natasha
   999 | D:2      | Killed Natasha
  1293 | D:2      | Noticed Natasha
  1299 | D:2      | Killed Natasha
  1300 | D:2      | Reached XP level 6. HP: 30/30 MP: 7/7
  1356 | D:2      | 1356 ||| UPGRADING to ring of resist corrosion.
  1357 | D:2      | 1357 ||| READING scroll labelled XAMUSOCHUWK.
  1358 | D:2      | 1358 ||| READING scroll labelled CADILO CUTT.
  1359 | D:2      | 1359 ||| DRINKING 2 fuming green potions.
  1360 | D:2      | 1360 ||| DRINKING 2 inky potions.
  1361 | D:2      | 1361 ||| DROPPING potion of brilliance.
  2187 | D:3      | 2187 ||| READING scroll labelled AFREVA ZEETOIS.
  2187 | D:3      | 2187 ||| ENCHANTING +0 shortbow.
  2236 | D:4      | Found a blossoming altar of Fedhas.
  2695 | D:4      | Reached skill level 6 in Dodging
  2707 | D:4      | 2707 ||| READING scroll labelled SIOQOY ETRYUV.
  2708 | D:4      | 2708 ||| READING scroll labelled RENUOS HANOI.
  2708 | D:4      | 2708 ||| IDENTIFYING emerald potion
  2743 | D:5      | Entered Level 5 of the Dungeon
  2766 | D:5      | Noticed an ice beast
  2769 | D:5      | 2769 ||| RETREEEEATING.
  2772 | D:5      | 2772 ||| ZAPPING wand of acid (7) at -3,-1 (ice beast;
                  | floor).
  2773 | D:5      | 2773 ||| FLEEEEING.
  2774 | D:5      | 2774 ||| FLEEEEING.
  2775 | D:5      | 2775 ||| FLEEEEING.
  2776 | D:5      | 2776 ||| FLEEEEING.
  2777 | D:5      | 2777 ||| FLEEEEING.
  2778 | D:5      | 2778 ||| FLEEEEING.
  2779 | D:5      | 2779 ||| FLEEEEING.
  2780 | D:5      | 2780 ||| FLEEEEING.
  2781 | D:5      | 2781 ||| FLEEEEING.
  2782 | D:5      | 2782 ||| FLEEEEING.
  2783 | D:5      | 2783 ||| FLEEEEING.
  2784 | D:5      | 2784 ||| FLEEEEING.
  2785 | D:5      | 2785 ||| STAIRDANCE
  2826 | D:4      | 2826 ||| UPGRADING to +0 cloak.
  2833 | D:5      | 2833 ||| STAIRDANCE
  2843 | D:5      | 2843 ||| ZAPPING wand of acid (6) at 1,1 (ice beast;
                  | floor).
  2844 | D:5      | 2844 ||| ZAPPING wand of acid (5) at 1,1 (ice beast;
                  | floor).
  2845 | D:5      | 2845 ||| ZAPPING wand of acid (4) at 1,1 (ice beast;
                  | floor).
  2846 | D:5      | 2846 ||| STAIRDANCE
  2848 | D:4      | 2848 ||| ZAPPING wand of acid (3) at -1,0 (ice beast;
                  | floor).
  2849 | D:4      | 2849 ||| ZAPPING wand of acid (2) at -1,0 (ice beast;
                  | floor).
  2849 | D:4      | Killed an ice beast
  2850 | D:4      | Reached skill level 7 in Ranged Weapons
  2850 | D:4      | Reached XP level 7. HP: 24/35 MP: 8/8
  3059 | D:5      | 3059 ||| FLEEEEING.
  3089 | D:5      | Found a runed translucent door.
  3094 | D:5      | Noticed qw's ghost (amateur SpHu)
  3166 | D:5      | Reached skill level 8 in Ranged Weapons
  3765 | D:5      | 3765 ||| READING scroll labelled GOUNAT FEACOE.
  3765 | D:5      | 3765 ||| ENCHANTING +0 cloak.
  3917 | D:6      | Reached XP level 8. HP: 39/39 MP: 9/9
  3973 | D:6      | Reached skill level 3 in Fighting
  4087 | D:6      | Reached skill level 9 in Ranged Weapons
  4228 | D:6      | Noticed Prince Ribbit
  4235 | D:6      | HP: 7/40 [Prince Ribbit (15)]
  4237 | D:6      | 4237 ||| FLEEEEING.
  4239 | D:6      | 4239 ||| FLEEEEING.
  4240 | D:6      | 4240 ||| FLEEEEING.
  4241 | D:6      | 4241 ||| FLEEEEING.
  4242 | D:6      | 4242 ||| FLEEEEING.
  4243 | D:6      | 4243 ||| FLEEEEING.
  4244 | D:6      | 4244 ||| FLEEEEING.
  4245 | D:6      | 4245 ||| FLEEEEING.
  4246 | D:6      | 4246 ||| FLEEEEING.
  4247 | D:6      | 4247 ||| FLEEEEING.
  4248 | D:6      | 4248 ||| FLEEEEING.
  4251 | D:6      | 4251 ||| FLEEEEING.
  4252 | D:6      | 4252 ||| FLEEEEING.
  4253 | D:6      | 4253 ||| FLEEEEING.
  4254 | D:6      | 4254 ||| FLEEEEING.
  4255 | D:6      | 4255 ||| FLEEEEING.
  4256 | D:6      | 4256 ||| FLEEEEING.
  4257 | D:6      | 4257 ||| FLEEEEING.
  4258 | D:6      | 4258 ||| FLEEEEING.
  4259 | D:6      | 4259 ||| FLEEEEING.
  4260 | D:6      | 4260 ||| FLEEEEING.
  4261 | D:6      | 4261 ||| FLEEEEING.
  4262 | D:6      | 4262 ||| FLEEEEING.
  4263 | D:6      | 4263 ||| FLEEEEING.
  4264 | D:6      | 4264 ||| FLEEEEING.
  4265 | D:6      | 4265 ||| FLEEEEING.
  4266 | D:6      | 4266 ||| FLEEEEING.
  4269 | D:6      | 4269 ||| FLEEEEING.
  4276 | D:6      | 4276 ||| FLEEEEING.
  4277 | D:6      | 4277 ||| FLEEEEING.
  4278 | D:6      | 4278 ||| FLEEEEING.
  4279 | D:6      | 4279 ||| FLEEEEING.
  4280 | D:6      | 4280 ||| FLEEEEING.
  4282 | D:6      | 4282 ||| FLEEEEING.
  4283 | D:6      | 4283 ||| FLEEEEING.
  4284 | D:6      | 4284 ||| FLEEEEING.
  4285 | D:6      | 4285 ||| FLEEEEING.
  4286 | D:6      | 4286 ||| FLEEEEING.
  4288 | D:6      | HP: 7/40 [electric eel/bolt of electricity (9)]
  4289 | D:6      | Killed from afar by an electric eel

Levels and vault maps discovered:
D:1:      lemuel_arrival_rhombus, layout_loops_ring
D:2:      layout_rooms, serial_shops, shop, minmay_distorted, uniq_sigmund,
          uniq_natasha
D:3:      layout_loops_corners
D:4:      cheibrodos_old_hovel, layout_cave_pools, fedhas_altar_1,
          minmay_goblin_kobold_house
D:5:      layout_layer_cave, ebering_ghost_sewer_d
D:6:      layout_cave_pods, zin_treasury, minmay_temple_entry_junction,
          serial_park, serial_park_fountain, serial_park_square1
          [serial_park_minivault_5x5_5], uniq_prince_ribbit1

Skill      XL: |  1  2  3  4  5  6  7  8 |
---------------+-------------------------+-----
Dodging        | 3 4 5 6 8 |  8.2
Ranged Weapons | 6 7 8 9 |  9.0
Fighting       | 2 3 |  3.1
Stealth        | |  1.5

Action                     |  1- 3 |  4- 6 |  7- 9 || total
---------------------------+-------+-------+-------++-------
   Fire: Shortbow          |    68 |   138 |   202 ||   408
  Evoke: Wand              |       |     6 |       ||     6
    Use: Scroll            |     1 |     5 |     1 ||     7
         Potion            |       |     2 |       ||     2
 Armour: Robe              |     7 |    15 |    25 ||    47
  Dodge: Dodged            |    42 |    59 |    87 ||   188

Table legend:
 A = Non-vault XP
 B = Vault XP
 C = Vault XP percentage of total XP
 D = Non-vault monster count
 E = Vault monster count
 F = Vault count percentage of total count
                 A         B        C        D         E       F
            +---------+---------+-------+---------+---------+-------
      Total |    1720 |     294 |  14.6 |     104 |      14 |  11.9
            +---------+---------+-------+---------+---------+-------
        D:1 |      44 |       0 |   0.0 |      23 |       0 |   0.0
        D:2 |      93 |     268 |  74.2 |      26 |       6 |  18.8
        D:3 |      16 |       0 |   0.0 |       8 |       0 |   0.0
        D:4 |     242 |      26 |   9.7 |      10 |       8 |  44.4
        D:5 |     551 |       0 |   0.0 |      21 |       0 |   0.0
        D:6 |     774 |       0 |   0.0 |      16 |       0 |   0.0
            +---------+---------+-------+---------+---------+-------
